 Dungeon Crawl Stone Soup version 0.28-a0-863-g8cecda6153 (webtiles) character file.

Game seed: 15583878662913598601

2920 Samaell the Ruffian (level 9, 0/88 HPs)
             Began as a Troll Fighter on Nov 16, 2021.
             Was a Follower of Trog.
             Slain by a vampire (7 damage)
             ... created by the anger of Yredelemnul
             ... on level 7 of the Dungeon.
             The game lasted 00:18:02 (6210 turns).

Samaell the Ruffian (Troll Fighter)                 Turns: 6210, Time: 00:18:03

Health: 0/88       AC:  4    Str: 29    XL:     9   Next: 50%
Magic:  11/11      EV: 10    Int:  4    God:    Trog [*.....]
Gold:   372        SH:  0    Dex:  9    Spells: 8/8 levels left

rFire   . . .      SeeInvis .     - Unarmed
rCold   . . .      Faith    .   b - +0 kite shield
rNeg    . . .      Spirit   .   a - +0 robe
rPois   .          Reflect  .   (helmet restricted)
rElec   .          Harm     .   (no cloak)
rCorr   +          Rampage  .   (gloves unavailable)
Will    .....                   (boots unavailable)
Stlth   +.........              t - amulet of regeneration
HPRegen 2.24/turn               h - ring of resist corrosion
MPRegen 0.12/turn               (no ring)

@: confused, on berserk cooldown, slowed, very slow
A: large, unfitting armour, claws 3, regeneration 1, shaggy fur 1, tough skin 1
a: Renounce Religion, Berserk


You were on level 7 of the Dungeon.
You worshipped Trog.
Trog was aware of your devotion.
You visited 2 branches of the dungeon, and saw 8 of its levels.

You collected 372 gold pieces.

Inventory:

Missiles
 r - 28 poisoned darts (quivered)
Armour
 a - a +0 robe (worn)
 b - a +0 kite shield (worn)
Jewellery
 h - a ring of resist corrosion (left claw)
 t - an amulet of regeneration (around neck)
 u - a ring of fire
 v - a ring of wizardry
Wands
 q - a wand of paralysis (16)
 s - a wand of mindburst (16)
Scrolls
 d - 5 scrolls of identify {unknown}
 e - 3 scrolls of fog {unknown}
 i - 2 scrolls of amnesia {unknown}
 m - 5 scrolls of teleportation {unknown}
 n - a scroll of acquirement {unknown}
 o - 3 scrolls of noise {unknown}
 x - a scroll of magic mapping {unknown}
 y - a scroll of enchant weapon {unknown}
 A - a scroll of holy word {unknown}
Potions
 c - a potion of flight {unknown}
 f - 2 potions of haste {unknown}
 g - 2 potions of heal wounds
 j - 2 potions of curing {unknown}
 k - a potion of magic {unknown}
 l - a potion of cancellation {unknown}
 p - 2 potions of attraction {unknown}
 w - a potion of mutation {unknown}
 z - a potion of lignification {unknown}


   Skills:
 + Level 5.5 Fighting
 + Level 5.5 Dodging
 + Level 5.5 Shields
 + Level 6.2 Unarmed Combat
 + Level 5.0 Invocations


You had 8 spell levels left.
You didn't know any spells.
Your spell library contained the following spells:

 Spells                   Type           Power      Damage    Failure   Level
 Magic Dart               Conj           0%         1d3       75%         1
 Searing Ray              Conj           0%         2d4       87%         2
 Dazzling Flash           Conj/Hex       0%         N/A       98%         3
 Fulminant Prism          Conj/Hex       0%         3d6       100%        4
 Iskenderun's Mystic Bla  Conj/Tloc      0%         2d3       100%        4
 Starburst                Conj/Fire      0%         6d3       100%        6


Dungeon Overview and Level Annotations

Branches:
Dungeon (7/15)             Temple (1/1) D:5

Altars:
Ashenzari
Cheibriados
Dithmenos
Elyvilon
Fedhas
Gozag
Hepliaklqana
Kikubaaqudgha
Makhleb
Nemelex Xobeh
Okawaru
Qazlal
Sif Muna
Trog
Uskayaw
Wu Jian
Xom
Yredelemnul
Zin
The Shining One


Innate Abilities, Weirdness & Mutations

You are too large for most types of armour.
You have claws for hands.
Your natural rate of healing is unusually fast.
You are covered in fur. (AC +1)
You have tough skin. (AC +1)


Message History

You're too confused to move!
You feel sick. The vampire hits you. The vampire bites you.
The vampire draws strength from your injuries!
You claw the vampire!
The vampire is heavily damaged.
You feel less confused.
You feel sick. You block the vampire's attack. The vampire barely misses you.
The vampire hits you but does no damage.
The vampire closely misses you.
You claw the vampire!
The vampire is severely damaged.
You feel sick.
You are no longer poisoned.
You block the vampire's attack. The vampire barely misses you.
You completely miss the vampire.
The vampire is severely damaged.
The vampire casts a spell at you. You resist with some effort.
The vampire mumbles some strange words.
The vampire flickers and vanishes!
Deactivating autopickup; reactivate with Ctrl-A.
You claw something!
You hear some strange, mumbled words.
You are confused.
You bump into the rock wall.
Something hits you. Something bites you!
Something draws strength from your injuries!
Something hits you. Something bites you.
Something draws strength from your injuries!
You barely miss something. Something hits you. Something bites you!
* * * LOW HITPOINT WARNING * * *
Something draws strength from your injuries!
You bump into the rock wall.
Something hits you.
* * * LOW HITPOINT WARNING * * *
Something bites you.
* * * LOW HITPOINT WARNING * * *
Something draws strength from your injuries!
Something hits you.
* * * LOW HITPOINT WARNING * * *
Something bites you!
You die...

#.......# #.......#
#.......# #.......#####
##..........# #####
#..........# #...#
#..........#
#####...######..........#
...........)@{z†..>.....#
..
####....######..........#
#.# #....# #.......[..#
#..####....# #..........#
.......c...# #####.######
...........# #)#
........c..#####
##.#######
................
#........####
............!...
#............


You could see a wight.

Vanquished Creatures
  Grinder (D:5)
  Sigmund (D:2)
  A vampire (D:5)
  Duvessa (D:4)
  A water moccasin (D:5)
  An orc warrior (D:5)
  2 ice beasts
  A necrophage (D:6)
  An ogre (D:4)
  A phantom (D:6)
  A centaur (D:7)
  3 lemures (D:4)
  3 kobold brigands
  Blork the orc (D:4)
  4 scorpions
  A water moccasin zombie (D:5)
  Dowan (D:4)
  A water moccasin skeleton (D:5)
  3 wights
  3 killer bees (D:7)
  5 hounds
  A jelly (D:6)
  A centaur skeleton (D:3)
  An orc priest (D:5)
  A bullfrog skeleton (D:6)
  5 iguanas
  7 orc wizards
  A killer bee zombie (D:5)
  A hound skeleton (D:3)
  10 adders
  A howler monkey skeleton (D:5)
  2 white imps
  An adder skeleton (D:4)
  4 worms
  A dart slug (D:1)
  15 orcs
  7 bats
  8 endoplasms
  4 giant cockroaches
  8 goblins
  5 hobgoblins
  4 jackals
  4 quokkas
  8 ball pythons
  13 kobolds
  3 rats
153 creatures vanquished.

Vanquished Creatures (others)
  2 fungi (D:1)
2 creatures vanquished.

Grand Total: 155 creatures vanquished

Notes
Turn   | Place    | Note
-------+----------+-------------------------------------------
     0 | D:1      | Samaell the Troll Fighter began the quest for the Orb.
     0 | D:1      | Reached XP level 1. HP: 22/22 MP: 0/0
   222 | D:1      | Reached XP level 2. HP: 29/29 MP: 1/1
   653 | D:1      | Reached XP level 3. HP: 36/36 MP: 2/2
   653 | D:1      | Found a faded altar of an unknown god.
  1030 | D:2      | Found a hazy altar of Hepliaklqana.
  1235 | D:2      | Noticed Sigmund
  1326 | D:1      | Prayed at the altar of an unknown god.
  1326 | D:1      | Became a worshipper of Yredelemnul the Dark
  1326 | D:1      | Reached * piety under Yredelemnul
  1421 | D:2      | Reached XP level 4. HP: 44/44 MP: 3/3
  1544 | D:2      | Killed Sigmund
  1545 | D:2      | Reached skill level 3 in Unarmed Combat
  1545 | D:2      | Reached skill level 1 in Invocations
  1545 | D:2      | Reached XP level 5. HP: 27/53 MP: 3/5
  1931 | D:3      | Reached XP level 6. HP: 60/61 MP: 6/6
  2268 | D:3      | Found a shimmering altar of Xom.
  2270 | D:3      | Found a shimmering blue altar of Sif Muna.
  2270 | D:3      | Found an ancient bone altar of Kikubaaqudgha.
  2272 | D:3      | Found a broken altar of Ashenzari.
  2272 | D:3      | Found a burning altar of Makhleb.
  2272 | D:3      | Found a shimmering altar of Xom.
  2619 | D:4      | Reached ** piety under Yredelemnul
  2737 | D:4      | Noticed Dowan
  2738 | D:4      | Noticed Duvessa
  2791 | D:4      | Killed Duvessa
  2792 | D:4      | Reached XP level 7. HP: 61/68 MP: 7/7
  2861 | D:4      | Killed Dowan
  2862 | D:4      | Reached skill level 4 in Unarmed Combat
  3068 | D:4      | Noticed Blork the orc
  3077 | D:4      | Killed Blork the orc
  3352 | D:5      | Entered Level 5 of the Dungeon
  3459 | D:5      | Noticed Grinder
  3469 | D:5      | Killed Grinder
  3470 | D:5      | Reached XP level 8. HP: 42/79 MP: 9/9
  3754 | D:5      | Reached skill level 5 in Unarmed Combat
  3800 | D:5      | Found a staircase to the Ecumenical Temple.
  3809 | Temple   | Entered the Ecumenical Temple
  4314 | Temple   | Fell from the grace of Yredelemnul
  4314 | Temple   | Became a worshipper of Trog the Wrathful
  5436 | D:6      | Reached skill level 5 in Shields
  5443 | D:6      | Reached skill level 5 in Fighting
  5492 | D:5      | Reached skill level 5 in Dodging
  5514 | D:5      | Reached XP level 9. HP: 61/88 MP: 11/11
  5581 | D:6      | Reached * piety under Trog
  5840 | D:6      | Found a glowing silver altar of Zin.
  5871 | D:6      | Reached skill level 6 in Unarmed Combat
  6198 | D:7      | Reached skill level 5 in Invocations
  6210 | D:7      | Slain by a vampire

Illustrated notes

Levels and vault maps discovered:
D:1:      dpeg_cavernosity, layout_basic, basic_ecumenical_altar
D:2:      layout_rooms, basic_altar, chequers_serial_rivers_micro_b,
          chequers_serial_rivers_micro_e, uniq_sigmund
D:3:      layout_basic, doesnt_xom_only_xom
D:4:      layout_rooms, amcnicky_mini_pool_small, uniq_pikel,
          uniq_blork_the_orc, uniq_duvessa
D:5:      layout_gridville, minmay_temple_entry_mist, nrook_campfire,
          grunt_decor_fettered, kennysheep_generic_room_8, uniq_grinder
D:6:      layout_cave_pools, nicolae_concentric_dashed_squares_mild,
          minmay_ruined_shrine
D:7:      layout_basic, mainiacjoe_overflow_chevrons
Temple:   dpeg_five_rooms_temple

Skill      XL: |  1  2  3  4  5  6  7  8  9 |
---------------+----------------------------+-----
Fighting       | 3 4 5 |  5.5
Dodging        | 3 4 5 |  5.5
Shields        | 3 4 5 |  5.5
Unarmed Combat | 3 4 5 6 |  6.2
Invocations    | 1 2 3 4 5 |  5.0

Action                   |  1- 3 |  4- 6 |  7- 9 || total
-------------------------+-------+-------+-------++-------
Melee: Unarmed           |   102 |    90 |   365 ||   557
Invok: Berserk           |       |       |     1 ||     1
  Use: Potion            |       |     1 |     1 ||     2
 Stab: Sleeping          |       |     1 |       ||     1
Armor: Robe              |    26 |    30 |    70 ||   126
Dodge: Dodged            |    39 |    36 |   117 ||   192
Block: Kite shield       |    37 |    24 |   130 ||   191

Table legend: (Time is in decaauts)
 A = Elapsed time spent in this place.
 B = Non-inter-level travel time spent in this place.
 C = Inter-level travel time spent in this place.
 D = Time resting spent in this place.
 E = Time spent auto-exploring this place.
 F = Levels seen in this place.
 G = Mean time per level.
                   A        B        C        D        E       F      G
               +--------+--------+--------+--------+--------+-----+--------+
         Total |   6273 |   5718 |    555 |    255 |   3397 |   8 |  784.1 |
       Dungeon |   5735 |   5506 |    229 |    255 |   3248 |   7 |  819.3 |
        Temple |    538 |    212 |    326 |      0 |    149 |   1 |  538.0 |
               +--------+--------+--------+--------+--------+-----+--------+

Top non-repeatable levels by time:
     D:5: 1383 daAuts
     D:1: 1134 daAuts
     D:3: 881 daAuts
     D:6: 775 daAuts
     D:4: 721 daAuts
     D:2: 656 daAuts
  Temple: 538 daAuts
     D:7: 182 daAuts
